 Dungeon Crawl Stone Soup version 0.29-a0-323-g050149af67 (webtiles) character file.

Game seed: 13098942924013791047

559 12572944 the Conjurer (level 7, -3/46 HPs)
             Began as a Demonspawn Conjurer on Apr 11, 2022.
             Slain by an acid dragon (4 damage)
             ... on level 5 of the Dungeon.
             The game lasted 00:10:39 (5184 turns).

12572944 the Conjurer (Demonspawn Conjurer)         Turns: 5184, Time: 00:10:40

Health: -3/46      AC:  7    Str: 13    XL:     7   Next: 9%
Magic:  6/14       EV: 13    Int: 21    God:
Gold:   229        SH:  0    Dex: 14    Spells: 8/15 levels left

rFire   . . .      SeeInvis .   a - +0 short sword
rCold   . . .      Faith    .   (no shield)
rNeg    . . .      Spirit   .   k - +1 robe
rPois   .          Reflect  .   (helmet restricted)
rElec   .          Harm     .   (no cloak)
rCorr   .          Rampage  .   (no gloves)
Will    .....                   (no boots)
Stlth   +++.......              (no amulet)
HPRegen 0.15/turn               t - +6 ring of strength
MPRegen 0.14/turn               w - +4 ring of protection

@: no status effects
A: antennae 2, thin skeletal structure 1, ignite blood 1
a: no special abilities


You were on level 5 of the Dungeon.
You visited 1 branch of the dungeon, and saw 5 of its levels.

You collected 229 gold pieces.

Inventory:

Hand Weapons
 a - a +0 short sword (weapon)
 b - the +4 hunting sling of Havoc {venom, Str+4}
   (You found it on level 3 of the Dungeon)

   Any ammunition fired from it poisons the flesh of those it strikes.
   Str:       It affects your strength (+4).
 e - a +0 dagger
Missiles
 c - 89 stones
 A - 4 boomerangs
Armour
 g - a +0 leather armour
 k - a +1 robe (worn)
Jewellery
 t - a +6 ring of strength (left hand)
 w - a +4 ring of protection (right hand)
 z - a ring of poison resistance
Scrolls
 j - 3 scrolls of teleportation {@r4}
 n - a scroll of enchant armour
 o - a scroll of fog
 p - a scroll of amnesia
Potions
 d - a potion of mutation {unknown}
 f - 4 potions of curing {@q1}
 i - a potion of attraction
 l - a potion of heal wounds {@q2}
 q - 2 potions of invisibility
 r - a potion of degeneration
 u - a potion of magic
 x - a potion of brilliance {unknown}
 B - a potion of resistance {unknown}


   Skills:
 + Level 3.5 Dodging
 + Level 3.6 Stealth
 * Level 4.7 Spellcasting
 - Level 5.1 Conjurations
 + Level 0.2 Hexes


You had 8 spell levels left.
You knew the following spells:

 Your Spells              Type           Power      Damage    Failure   Level
a - Magic Dart            Conj           100%       1d8       1%          1
b - Searing Ray           Conj           52%        2d6       1%          2
c - Fulminant Prism       Conj/Hex       8%         3d7       36%         4

Your spell library contained the following spells:

 Spells                   Type           Power      Damage    Failure   Level
 Dazzling Flash           Conj/Hex       32%        N/A       11%         3
 Iskenderun's Mystic Bla  Conj/Tloc      15%        2d5       36%         4


Dungeon Overview and Level Annotations

Branches:
Dungeon (5/15)
 Temple: D:4-7

Altars:
Fedhas

Shops:
D:1 *=   D:2 [

Annotations:
D:4 1 runed translucent door, exclusion: ogre, experimilk's ghost, amateur PaFi


Innate Abilities, Weirdness & Mutations

You have a pair of antennae on your head.
You have a somewhat thin skeletal structure. (Dex +2, Stealth+)
Your demonic aura sometimes causes spilled blood to erupt in flames.


Message History

Confirm with . or Enter, or press ? or * to list all spells.
Aiming: Searing Ray (safe; 1% risk of failure)
Press: ? - help, Shift-Dir - straight line, f - acid dragon
Aim: an acid dragon (79% to hit)
The searing ray hits the acid dragon.
The acid dragon is lightly wounded. (Press . to maintain the ray.)
The acid dragon bites you. The acid dragon misses you.
The searing ray hits the acid dragon!
The acid dragon is heavily wounded.
The acid dragon bites you but does no damage.
The acid dragon barely misses you.
The searing ray hits the acid dragon.
The acid dragon is heavily wounded.
The searing ray misses the ufetubus.
The acid dragon spits acid at you. The splash of acid hits you!
The searing ray hits the acid dragon!
The acid dragon is severely wounded.
The searing ray hits the ufetubus!
You kill the ufetubus!
You finish channelling your searing ray.
The acid dragon bites you!
* * * LOW HITPOINT WARNING * * *
The acid dragon completely misses you.
Casting: Searing Ray (safe; 1% risk of failure)
Confirm with . or Enter, or press ? or * to list all spells.
Aiming: Searing Ray (safe; 1% risk of failure)
Press: ? - help, Shift-Dir - straight line, f/p - acid dragon
Aim: an acid dragon (severely wounded, catching its breath, 79% to hit)
The searing ray hits the acid dragon.
The acid dragon is almost dead. (Press . to maintain the ray.)
The acid dragon bites you!
* * * LOW HITPOINT WARNING * * *
The acid dragon claws you but does no damage.
The searing ray hits the acid dragon but does no damage.
The acid dragon is almost dead.
The acid dragon bites you.
You die...

*,,* *,,,,,,,,,*,** ***,,*
#.#***,*,**,*
#####..,.##**#.###*,*,**,*
...,...,...,,....,,,*,#*,*
.##*#.#*#.#**#..#####5#*,*
..# #.# #.# #.......,**,*
..# #.# #.# #.#...,,,,,,*
..# #.###.####.#D#********
..###...........@#
........†......###
.########.######
.########.# ..........#
###########


You could see an acid dragon.

Vanquished Creatures
  A necrophage (D:5)
  A gnoll shaman (D:4)
  4 jellies (D:4)
  A hound (D:5)
  3 iguanas
  An orc wizard (D:4)
  3 adders
  4 gnolls (D:4)
  A shadow imp (D:4)
  An ufetubus (D:5)
  A worm (D:2)
  6 dart slugs
  4 orcs
  10 ball pythons
  6 bats
  10 endoplasms
  3 giant cockroaches
  9 goblins
  7 hobgoblins
  6 jackals
  8 kobolds
  4 quokkas
  A frilled lizard (D:3)
  A rat (D:2)
96 creatures vanquished.

Vanquished Creatures (others)
  4 plants (D:1)
4 creatures vanquished.

Grand Total: 100 creatures vanquished

Notes
Turn   | Place    | Note
-------+----------+-------------------------------------------
     0 | D:1      | 12572944 the Demonspawn Conjurer began the quest for the
                  | Orb.
     0 | D:1      | Reached XP level 1. HP: 13/13 MP: 3/3
   186 | D:1      | Gained mutation: Your demonic aura sometimes causes spilled
                  | blood to erupt in flames. [demonic ancestry]
   186 | D:1      | Reached XP level 2. HP: 19/19 MP: 1/5
   286 | D:1      | Learned a level 2 spell: Searing Ray
   641 | D:1      | Found Pafoop's One-of-a-Kind Rings.
   743 | D:1      | Gained mutation: You have a somewhat thin skeletal
                  | structure. (Dex +2, Stealth+) [demonic ancestry]
   743 | D:1      | Reached XP level 3. HP: 24/24 MP: 3/6
  1061 | D:1      | Found Rauraepp's General Store.
  1610 | D:2      | Found Iluin's Armour Shop.
  1675 | D:2      | Reached XP level 4. HP: 30/30 MP: 3/8
  2039 | D:2      | Learned a level 4 spell: Fulminant Prism
  2729 | D:3      | Identified the +4 hunting sling of Havoc {venom, Str+4}
  3006 | D:3      | Found a blossoming altar of Fedhas.
  3179 | D:4      | Gained mutation: You have a pair of small antennae on your
                  | head. [demonic ancestry]
  3179 | D:4      | Reached XP level 5. HP: 30/35 MP: 5/10
  3618 | D:4      | Gained mutation: You have a pair of antennae on your head.
                  | [demonic ancestry]
  3618 | D:4      | Reached XP level 6. HP: 36/41 MP: 1/12
  3989 | D:4      | Noticed experimilk's ghost (amateur PaFi)
  3990 | D:4      | Found a runed translucent door.
  4277 | D:4      | Reached skill level 5 in Conjurations
  4551 | D:5      | Entered Level 5 of the Dungeon
  5030 | D:5      | Reached XP level 7. HP: 46/46 MP: 10/14
  5183 | D:5      | HP: 1/46 [acid dragon (9)]
  5184 | D:5      | Slain by an acid dragon

Illustrated notes

Levels and vault maps discovered:
D:1:      dpeg_arrival_pond, layout_basic, serial_shops, shop,
          nicolae_shop_unique_rings, serial_bayou_lagoon_b
D:2:      layout_rooms, serial_shops, shop
D:3:      layout_rooms, fedhas_altar_fruit_tree
D:4:      layout_loops_corners, hellmonk_ghost_happy_afterlife,
          grunt_ministairs_1
D:5:      layout_loops_ring, uniq_blork_the_orc

Skill      XL: |  1  2  3  4  5  6 |
---------------+-------------------+-----
Stealth        | 2 3 |  3.6
Dodging        | 2 3 |  3.5
Spellcasting   | 3 4 |  4.7
Conjurations   | 5 |  5.1
Hexes          | |  0.2

Action                   |  1- 3 |  4- 6 |  7- 9 || total
-------------------------+-------+-------+-------++-------
Melee: Unarmed           |     3 |       |       ||     3
       Short sword       |     5 |    12 |     1 ||    18
 Cast: Magic Dart        |    70 |    66 |       ||   136
       Searing Ray       |     4 |    12 |     4 ||    20
  Use: Scroll            |       |    14 |       ||    14
 Stab: Sleeping          |       |     7 |     1 ||     8
Armor: Robe              |     3 |     3 |     2 ||     8
Dodge: Dodged            |    12 |    22 |     5 ||    39

Table legend: (Time is in decaauts)
 A = Elapsed time spent in this place.
 B = Non-inter-level travel time spent in this place.
 C = Inter-level travel time spent in this place.
 D = Time resting spent in this place.
 E = Time spent auto-exploring this place.
 F = Levels seen in this place.
 G = Mean time per level.
                   A        B        C        D        E       F      G
               +--------+--------+--------+--------+--------+-----+--------+
         Total |   5203 |   5076 |    127 |    681 |   3794 |   5 | 1040.6 |
       Dungeon |   5203 |   5076 |    127 |    681 |   3794 |   5 | 1040.6 |
               +--------+--------+--------+--------+--------+-----+--------+

Top non-repeatable levels by time:
     D:4: 1701 daAuts
     D:1: 1123 daAuts
     D:2: 1031 daAuts
     D:3: 1022 daAuts
     D:5: 324 daAuts
